 Dungeon Crawl Stone Soup version 0.31-a0-182-gc5ef74bbde (webtiles) character file.

Game seed: 6024445303297130855

1610 qw the Cleaver (level 8, -4/51 HPs)
             Began as a Gargoyle Fighter on June 21, 2023.
             Was an Initiate of Okawaru.
             Slain by a wight
             ... wielding a +0 hand axe
              (5 damage)
             ... on level 7 of the Dungeon.
             The game lasted 00:02:46 (5096 turns).

qw the Cleaver (Gargoyle Fighter)                   Turns: 5096, Time: 00:02:46

Health: -4/51      AC: 19    Str: 22    XL:     8   Next: 95%
Magic:  7/8        EV:  6    Int:  9    God:    Okawaru [......]
Gold:   506        SH:  4    Dex:  9    Spells: 7/7 levels left

rFire   . . .        g - +1 war axe (vamp)
rCold   . . .        c - +0 buckler
rNeg    + + .        k - +0 plate armour
rPois   inf          (no helmet)
rElec   +            (no cloak)
rCorr   .            (no gloves)
SInv    .            i - +0 pair of boots
Will    .....        e - amulet of faith Stlth
                     q - ring of positive energy
HPRegen 0.28/turn    (no ring)
MPRegen 0.11/turn

%: faith
@: no status effects
A: sickness immunity, AC +5, negative energy resistance 1, electricity
resistance, torment resistance 1, petrification resistance
a: Renounce Religion


You were on level 7 of the Dungeon.
You worshipped Okawaru.
Okawaru was noncommittal.
You visited 1 branch of the dungeon, and saw 7 of its levels.

You collected 506 gold pieces.


Innate Abilities, Weirdness & Mutations

You are immune to sickness and miasma.
Your stone body is resilient. (AC +5)
You are immune to poison.
You resist negative energy. (rN+)
You are resistant to electric shocks. (rElec)
You are resistant to unholy torment.
You are immune to petrification.


   Skills:
 - Level 6.1 Fighting
 + Level 8.0 Axes
 - Level 5.5 Armour
 - Level 2.0 Dodging
 - Level 3.2 Shields


You had 7 spell levels left.
You didn't know any spells.
Your spell library was empty.

Inventory:

Hand Weapons
 a - a +0 war axe
 g - a +1 vampiric war axe (weapon)
 l - a +0 flail
Armour
 c - a +0 buckler (worn)
 i - a +0 pair of boots (worn)
 k - a +0 plate armour (worn)
Jewellery
 e - an amulet of faith (around neck)
 q - a ring of positive energy (left hand)
Scrolls
 b - 3 scrolls of teleportation
 h - a scroll of identify
Potions
 d - 3 potions of might
 f - a potion of attraction
 n - a potion of cancellation {unknown}
 p - a potion of lignification {unknown}

Dungeon Overview and Level Annotations

Branches:
Dungeon (7/15)
 Temple: D:4-7

Altars:
Hepliaklqana
Kikubaaqudgha
Makhleb
Okawaru
Qazlal
Sif Muna

Annotations:
D:5 3 runed translucent doors, qw's ghost, novice GrFi


Message History

The orc barely misses you.
The orc wizard hits you but does no damage.
5091 ||| STAIRDANCE You feel like a meek peon again.
The orc warrior hits you but does no damage.
The orc hits you but does no damage.
The orc wizard points at you and mumbles some strange words.
You are more confused.
In your confused state, you trip and fall back down the stairs.
The orc hits you but does no damage. Something hits you but does no damage.
Deactivating autopickup; reactivate with Ctrl-A.
The orc warrior barely misses you. The orc wizard casts a spell at you.
You are more confused.
The orc wizard hits you but does no damage.
5093 ||| STAIRDANCE The wight hits you with a +0 hand axe.
Something hits you but does no damage.
The orc warrior hits you with a +0 mace.
The orc barely misses you.
The orc wizard gestures at you while chanting.
The magic dart hits you but does no damage.
In your confused state, you trip and fall back down the stairs.
The wight hits you but does no damage. Something hits you but does no damage.
The orc warrior hits you with a +0 mace.
The orc hits you but does no damage. The orc wizard barely misses you.
5095 ||| DRINKING potion of curing.
You feel better.
5095 ||| (to cure confusion)
The orc warrior hits you with a +0 mace!
You block the wight's attack. You block something's attack.
The orc hits you but does no damage.
The orc wizard mumbles some strange words.
The orc wizard flickers and vanishes!
5096 ||| STAIRDANCE The orc hits you with a +0 dagger.
The orc warrior hits you with a +0 mace.
You hear some strange, mumbled words.
A puff of flame appears from out of thin air!
The puff of flame misses you.
The puff of flame hits the wight.
The wight hits you with a +0 hand axe.
You die...

...#. ..#...
#.... .....
....###...#
##...#....# .
#....#....# ...
##.........#....
#......o{.......
.......z@{......
.......oo.......
.#..z..........#
#.z.##........#
..... ..........
#### ########...
..7 .7


You could see an orc warrior, 3 wights, an orc wizard and an orc.

Vanquished Creatures
  A water moccasin (D:5)
  An orc warrior (D:6)
  2 sky beasts (D:6)
  2 ice beasts
  An ogre (D:6)
  3 phantoms (D:5)
  A bullfrog (D:6)
  2 scorpions (D:5)
  A wight (D:6)
  A howler monkey (D:6)
  5 hounds
  2 orc priests (D:6)
  2 sleepcaps
  8 adders
  3 shadow imps
  A white imp (D:5)
  An ufetubus (D:5)
  3 dart slugs
  15 orcs
  3 endoplasms
  4 giant cockroaches
  5 goblins
  5 hobgoblins
  4 jackals (D:1)
  4 quokkas
  9 ball pythons
  5 bats
  3 frilled lizards (D:2)
  17 kobolds
  4 rats
118 creatures vanquished.

Notes
Turn   | Place    | Note
-------+----------+-------------------------------------------
     0 | D:1      | qw the Gargoyle Fighter began the quest for the Orb.
     0 | D:1      | Reached XP level 1. HP: 14/14 MP: 1/1
     0 | D:1      | 0 ||| qw: Version: 0.3-a-9-g12657ce
     0 | D:1      | 0 ||| qw: Game counter: 1587
     0 | D:1      | 0 ||| qw: Always use a shield: true
     0 | D:1      | 0 ||| qw: God list: Okawaru
     0 | D:1      | 0 ||| qw: Allow faded altars: false
     0 | D:1      | 0 ||| qw: Do Orc after D:15 true
     0 | D:1      | 0 ||| qw: Do second Lair branch before Depths: true
     0 | D:1      | 0 ||| qw: Lair rune preference: random
     0 | D:1      | 0 ||| qw: Plans: Normal, Zot:1-4, Slime:5, God:TSO, Crypt,
                  | Tomb, Abyss, Pan, Hells, Win
     0 | D:1      | 0 ||| PLANNING D:1-11
    54 | D:1      | 54 ||| Stepping ~*~*~tactically~*~*~ (hiding).
    60 | D:1      | Reached skill level 2 in Axes
   131 | D:1      | Reached XP level 2. HP: 15/19 MP: 2/2
   148 | D:1      | 148 ||| DROPPING +2 antimagic whip.
   401 | D:1      | Reached skill level 3 in Axes
   519 | D:1      | Reached XP level 3. HP: 20/23 MP: 3/3
   537 | D:1      | Found a faded altar of an unknown god.
   862 | D:1      | 862 ||| UPGRADING to +0 plate armour.
   872 | D:1      | 872 ||| DROPPING +0 scale mail.
   873 | D:1      | 873 ||| READING scroll labelled PEOSIG MURUTS.
   876 | D:1      | 876 ||| READING scroll labelled YTUALY YBYKH.
   877 | D:1      | 877 ||| READING 2 scrolls labelled YJANIA JOWYF.
   878 | D:1      | 878 ||| READING scroll labelled NADIKU YTRUWK.
   914 | D:2      | 914 ||| Stepping ~*~*~tactically~*~*~ (stealth).
   916 | D:2      | 916 ||| Stepping ~*~*~tactically~*~*~ (hiding).
  1325 | D:2      | Reached XP level 4. HP: 28/28 MP: 4/4
  1464 | D:2      | 1464 ||| Stepping ~*~*~tactically~*~*~ (stealth).
  1479 | D:2      | 1479 ||| Stepping ~*~*~tactically~*~*~ (stealth).
  1483 | D:2      | 1483 ||| Stepping ~*~*~tactically~*~*~ (hiding).
  1491 | D:2      | 1491 ||| Stepping ~*~*~tactically~*~*~ (hiding).
  1526 | D:2      | 1526 ||| Stepping ~*~*~tactically~*~*~ (stealth).
  1779 | D:2      | 1779 ||| READING scroll labelled GIN LAEZUC.
  1780 | D:2      | 1780 ||| READING 2 scrolls labelled WIBROTS SYCRACW.
  1781 | D:2      | 1781 ||| READING scroll labelled AWKEOT DIPTIT.
  1846 | D:2      | 1846 ||| DROPPING scroll of poison.
  1859 | D:3      | Found an ancient bone altar of Kikubaaqudgha.
  1873 | D:3      | 1873 ||| STAIRDANCE
  1902 | D:3      | Reached skill level 4 in Axes
  1954 | D:3      | 1954 ||| Stepping ~*~*~tactically~*~*~ (stealth).
  2085 | D:3      | 2085 ||| Stepping ~*~*~tactically~*~*~ (hiding).
  2086 | D:3      | 2086 ||| Stepping ~*~*~tactically~*~*~ (hiding).
  2121 | D:3      | 2121 ||| Stepping ~*~*~tactically~*~*~ (stealth).
  2122 | D:3      | 2122 ||| Stepping ~*~*~tactically~*~*~ (stealth).
  2123 | D:3      | 2123 ||| Stepping ~*~*~tactically~*~*~ (stealth).
  2259 | D:3      | 2259 ||| DROPPING +0 mace.
  2344 | D:3      | Identified the +2 leather armour of the Curious Planets
                  | {SInv}
  2354 | D:3      | 2354 ||| UPGRADING to amulet of faith.
  2359 | D:3      | 2359 ||| READING scroll labelled TACOTU ORISYSS.
  2360 | D:3      | 2360 ||| DRINKING 2 ruby potions.
  2361 | D:3      | 2361 ||| READING 2 scrolls of identify.
  2361 | D:3      | 2361 ||| IDENTIFYING silvery potion
  2362 | D:3      | 2362 ||| DROPPING potion of degeneration.
  2463 | D:4      | 2463 ||| Stepping ~*~*~tactically~*~*~ (stealth).
  2572 | D:4      | Reached XP level 5. HP: 32/32 MP: 5/5
  2945 | D:4      | Reached skill level 5 in Axes
  3222 | D:4      | 3222 ||| READING scroll labelled NAXZUO PU GOPP.
  3223 | D:4      | 3223 ||| READING scroll labelled UCKOLA PIFE.
  3308 | D:5      | Entered Level 5 of the Dungeon
  3365 | D:5      | Reached XP level 6. HP: 32/39 MP: 6/6
  3372 | D:5      | 3372 ||| FLEEEEING.
  3373 | D:5      | 3373 ||| FLEEEEING.
  3374 | D:5      | 3374 ||| FLEEEEING.
  3375 | D:5      | 3375 ||| FLEEEEING.
  3376 | D:5      | 3376 ||| FLEEEEING.
  3377 | D:5      | 3377 ||| FLEEEEING.
  3379 | D:5      | 3379 ||| FLEEEEING.
  3380 | D:5      | 3380 ||| FLEEEEING.
  3419 | D:5      | 3419 ||| Stepping ~*~*~tactically~*~*~ (hiding).
  3454 | D:5      | Identified the +10 orcbow of the Spheres {heavy, Int+4}
  3545 | D:5      | Noticed an ice beast
  3553 | D:5      | Killed an ice beast
  3554 | D:5      | Reached skill level 6 in Axes
  3554 | D:5      | Reached XP level 7. HP: 44/44 MP: 7/7
  3735 | D:5      | Reached skill level 7 in Axes
  3818 | D:5      | Found a runed translucent gate.
  3819 | D:5      | Found a runed translucent gate.
  3848 | D:5      | Found a runed translucent gate.
  4096 | D:5      | Noticed qw's ghost (novice GrFi)
  4100 | D:5      | 4100 ||| READING scroll labelled VYQ KETICI.
  4101 | D:5      | 4101 ||| DRINKING 2 pink potions.
  4137 | D:6      | Reached XP level 8. HP: 49/49 MP: 8/8
  4143 | D:6      | HP: 11/49 [orc warrior/+0 halberd (5)]
  4144 | D:6      | 4144 ||| READING 4 scrolls of teleportation.
  4305 | D:6      | 4305 ||| Stepping ~*~*~tactically~*~*~ (hiding).
  4307 | D:6      | 4307 ||| Stepping ~*~*~tactically~*~*~ (hiding).
  4377 | D:6      | 4377 ||| Stepping ~*~*~tactically~*~*~ (stealth).
  4406 | D:6      | 4406 ||| Stepping ~*~*~tactically~*~*~ (stealth).
  4426 | D:6      | 4426 ||| Stepping ~*~*~tactically~*~*~ (stealth).
  4581 | D:6      | 4581 ||| Stepping ~*~*~tactically~*~*~ (hiding).
  4583 | D:6      | 4583 ||| Stepping ~*~*~tactically~*~*~ (hiding).
  4697 | D:6      | 4697 ||| READING scroll of enchant weapon.
  4697 | D:6      | 4697 ||| ENCHANTING +0 vampiric war axe.
  4861 | D:6      | Found a burning altar of Makhleb.
  4862 | D:6      | Found a shimmering blue altar of Sif Muna.
  4863 | D:6      | Found an iron altar of Okawaru.
  4864 | D:6      | 4864 ||| PLANNING OKAWARU WORSHIP
  4864 | D:6      | 4864 ||| UPGRADING to +0 pair of boots.
  4869 | D:6      | 4869 ||| UPGRADING to ring of positive energy.
  4870 | D:6      | 4870 ||| READING scroll labelled DUUZYE KIPN.
  4871 | D:6      | 4871 ||| READING 2 scrolls of identify.
  4871 | D:6      | 4871 ||| IDENTIFYING puce potion
  4872 | D:6      | 4872 ||| DROPPING potion of invisibility.
  4874 | D:6      | Found a stormy altar of Qazlal.
  4877 | D:6      | Found a hazy altar of Hepliaklqana.
  4880 | D:6      | Became a worshipper of Warmaster Okawaru
  4881 | D:6      | 4881 ||| PLANNING D:1-11
  4990 | D:7      | 4990 ||| STAIRDANCE
  5001 | D:6      | Reached skill level 8 in Axes
  5004 | D:7      | 5004 ||| STAIRDANCE
  5067 | D:7      | 5067 ||| STAIRDANCE
  5077 | D:6      | Reached skill level 6 in Fighting
  5079 | D:6      | Reached * piety under Okawaru
  5082 | D:7      | 5082 ||| INVOKING Heroism.
  5083 | D:7      | 5083 ||| STAIRDANCE
  5085 | D:7      | 5085 ||| STAIRDANCE
  5087 | D:7      | 5087 ||| STAIRDANCE
  5089 | D:7      | 5089 ||| STAIRDANCE
  5091 | D:7      | 5091 ||| STAIRDANCE
  5093 | D:7      | 5093 ||| STAIRDANCE
  5093 | D:7      | HP: 9/51 [orc warrior/+0 mace (5)]
  5094 | D:7      | HP: 3/51 [orc warrior/+0 mace (5)]
  5095 | D:7      | 5095 ||| DRINKING potion of curing.
  5095 | D:7      | 5095 ||| (to cure confusion)
  5096 | D:7      | 5096 ||| STAIRDANCE
  5096 | D:7      | HP: 1/51 [orc warrior/+0 mace (1)]
  5096 | D:7      | Slain by a wight

Levels and vault maps discovered:
D:1:      dpeg_arrival_arbitrary_b, layout_loops_ring,
          shapermc_ecumenical_altar_petra
D:2:      minmay_kobold_bridge, layout_rooms, lexackson_kobold_supper
D:3:      layout_rooms, amcnicky_altar_gilded
D:4:      layout_loops_corners
D:5:      layout_basic, gammafunk_ghost_necromancy
D:6:      layout_gridville, minitemple
D:7:      nzn_winding_woodlands_medium [nzn_winding_woodlands_5x5_open_star,
          nzn_winding_woodlands_5x15_jagged, nzn_winding_woodlands_5x5_three,
          nzn_winding_woodlands_5x5_checkerboard,
          nzn_winding_woodlands_center_garden, nzn_winding_woodlands_hourglass,
          nzn_winding_woodlands_5x5_default, nzn_winding_woodlands_5x15_crooked,
          nzn_winding_woodlands_5x5_perimeter], layout_cave_pools,
          minmay_temple_entry_tees, roderic_batcave, minmay_misc_feat_rows

Skill      XL: |  1  2  3  4  5  6  7  8 |
---------------+-------------------------+-----
Axes           | 2 3 4 5 6 7 8 |  8.0
Fighting       | 4 5 6 |  6.1
Dodging        | 2 |  2.0
Armour         | 5 |  5.5
Shields        | |  3.2

Action                     |  1- 3 |  4- 6 |  7- 9 || total
---------------------------+-------+-------+-------++-------
  Melee: War axe           |   124 |   182 |   144 ||   450
 Invoke: Heroism           |       |       |     1 ||     1
    Use: Scroll            |     4 |     7 |     5 ||    16
         Potion            |       |     1 |     2 ||     3
 Armour: Scale mail        |    38 |       |       ||    38
         Plate armour      |    28 |   108 |   140 ||   276
  Dodge: Dodged            |    61 |    75 |    55 ||   191
  Block: Buckler           |    25 |    24 |    33 ||    82

Table legend:
 A = Non-vault XP
 B = Vault XP
 C = Vault XP percentage of total XP
 D = Non-vault monster count
 E = Vault monster count
 F = Vault count percentage of total count
                 A         B        C        D         E       F
            +---------+---------+-------+---------+---------+-------
      Total |    2112 |     189 |   8.2 |     104 |      14 |  11.9
            +---------+---------+-------+---------+---------+-------
        D:1 |      39 |       0 |   0.0 |      20 |       0 |   0.0
        D:2 |      41 |      17 |  29.3 |      18 |      12 |  40.0
        D:3 |      48 |       0 |   0.0 |      12 |       0 |   0.0
        D:4 |      99 |       0 |   0.0 |      14 |       0 |   0.0
        D:5 |     902 |       0 |   0.0 |      17 |       0 |   0.0
        D:6 |     983 |     172 |  14.9 |      23 |       2 |   8.0
            +---------+---------+-------+---------+---------+-------
